 Dungeon Crawl Stone Soup version 0.23.2-33-g5129a83184 (webtiles) character file.

Game seed: 8842034260455642916

11172 ruda the Basher (level 11, -5/153 HPs)
             Began as a Minotaur Fighter on July 27, 2019.
             Was a Priest of Uskayaw.
             Slain by a death yak (16 damage)
             ... on level 1 of the Lair of Beasts.
             The game lasted 00:48:33 (13090 turns).

ruda the Basher (Minotaur Fighter)                 Turns: 13090, Time: 00:48:33

Health: -5/153     AC: 25    Str: 24    XL:     11   Next: 45%
Magic:  8/10       EV:  2    Int:  5    God:    Uskayaw [***...]
Gold:   587        SH: 18    Dex: 10    Spells: 10/10 levels left

rFire    . . .     SeeInvis +   b - +0 flail
rCold    . . .     Gourm    .   G - +0 large shield
rNeg     + + +     Faith    .   (armour currently unavailable)
rPois    +         Spirit   .   (helmet currently unavailable)
rElec    .         Reflect  .   (cloak currently unavailable)
rCorr    .         Harm     .   (gloves currently unavailable)
MR       +....     NoTele   +   (boots currently unavailable)
Stlth    +.........             (no amulet)
HPRegen  0.35/turn              g - ring of protection from magic
MPRegen  0.12/turn              l - ring of see invisible

@: tree-form, invisible
A: (retaliatory headbutt)
a: Stomp, Line Pass, Renounce Religion


You were on level 1 of the Lair of Beasts.
You worshipped Uskayaw.
Uskayaw was noncommittal.
You were not hungry.
You were a tree.
You visited 3 branches of the dungeon, and saw 13 of its levels.
You also visited: Ossuary.

You collected 587 gold pieces.

Inventory:

Hand Weapons
 a - the +8 hand axe of Epsisa {freeze, rN+ Str-2 Dex+2}
   (You found it on level 7 of the Dungeon)

   It has been specially enchanted to freeze those struck by it, causing extra
   injury to most foes and up to half again as much damage against particularly
   susceptible opponents.
   It can also slow down cold-blooded creatures.
   It affects your strength (-2).
   It affects your dexterity (+2).
   It protects you from negative energy.
 b - a +0 flail (weapon)
Armour
 D - a +0 pair of boots (melded)
 G - a +0 large shield (worn)
 J - a +1 cloak (melded)
 K - a +0 pair of gloves (melded)
 O - a +2 hat of magic resistance (melded)
 Q - a +0 plate armour (melded)
Jewellery
 g - a ring of protection from magic (left branch)
 l - a ring of see invisible (right branch)
 B - an uncursed ring of positive energy
Wands
 C - a wand of acid (5)
 L - a wand of flame (11)
 N - a wand of disintegration (17)
 P - a wand of digging (2)
Scrolls
 d - a scroll of brand weapon {unknown}
 e - 2 scrolls of fog
 i - 2 scrolls of amnesia {unknown}
 j - 2 scrolls of fear
 k - 2 scrolls of magic mapping {unknown}
 m - a scroll of teleportation
 n - a scroll of identify
 q - 2 scrolls of immolation {unknown}
 v - a scroll of noise {unknown}
 x - a scroll of torment {unknown}
 y - a scroll of enchant armour {unknown}
 E - a scroll of vulnerability {unknown}
 F - 3 scrolls of remove curse {unknown}
 M - a scroll of random uselessness {unknown}
Potions
 c - 3 potions of resistance
 o - a potion of invisibility
 p - 2 potions of brilliance
 s - 3 potions of flight
 t - 3 potions of agility
 u - 4 potions of mutation
 w - 2 potions of ambrosia {unknown}
 z - 6 potions of haste
 A - a potion of magic {unknown}
 H - a potion of berserk rage {unknown}
Comestibles
 f - 17 rations


   Skills:
 + Level 11.0 Fighting
 + Level 8.0(11.6) Axes
 - Level 13.3(14.1) Maces & Flails
 - Level 4.7 Armour
 + Level 10.9 Shields


You had 10 spell levels left.
You didn't know any spells.
Your spell library contained the following spells:

 Spells                   Type           Power        Failure   Level  Hunger
 Animate Skeleton         Necr           N/A          97%         1    ##.....
 Apportation              Tloc           #.....       97%         1    ##.....
 Beastly Appendage        Tmut           #.....       97%         1    ##.....
 Confusing Touch          Hex            #.....       97%         1    ##.....
 Summon Small Mammal      Summ           #...         97%         1    ##.....
 Sticks to Snakes         Tmut           #.......     99%         2    ###....
 Confuse                  Hex            #.......     100%        3    ####...
 Gell's Gravitas          Tloc           #.........   100%        3    ####...
 Spider Form              Tmut/Pois      #.........   100%        3    ####...
 Ice Form                 Ice/Tmut       #.......     100%        4    #####..
 Petrify                  Tmut/Erth      #.......     100%        4    #####..
 Blade Hands              Tmut           #.........   100%        5    ######.
 Metabolic Englaciation   Hex/Ice        #.........   100%        5    ######.
 Yara's Violent Unravell  Hex/Tmut       #.........   100%        5    ######.


Dungeon Overview and Level Annotations

Branches:
Dungeon (10/15)            Temple (1/1) D:5            Lair (2/6) D:9
    Orc (0/2) D:10
  Swamp: Lair:2-4    Shoals: Lair:2-4     Snake: Lair:2-4    Spider: Lair:2-4

Altars:
Ashenzari
Cheibriados
Dithmenos
Elyvilon
Fedhas
Gozag
Hepliaklqana
Kikubaaqudgha
Makhleb
Nemelex Xobeh
Qazlal
Ru
Sif Muna
Trog
Uskayaw
Vehumet
Wu Jian
Xom
Yredelemnul
Zin
The Shining One

Shops:
D:5 %


Innate Abilities, Weirdness & Mutations

((You reflexively headbutt those who attack you in melee.))
((You have a pair of horns on your head.))


Message History

You turn into a tree.
Your +1 cloak melds into your body.
Your +2 hat of magic resistance melds into your body.
Your +0 pair of gloves melds into your body.
Your +0 pair of boots melds into your body.
Your +0 plate armour melds into your body.
You feel less resistant to hostile enchantments.
Your roots penetrate the ground.
You feel strangely stable.
The death yak gores you but does no damage.
The yak gores you but does no damage. You block the death yak's attack. x2
The basilisk bites you but does no damage.
You feel better. You block the death yak's attack.
The yak gores you but does no damage.
The death yak gores you but does no damage. x2
You block the basilisk's attack.
Uskayaw prepares the audience for your solo!
You fade into invisibility!
The death yak is no longer paralysed.
The yak is no longer paralysed.
The basilisk is no longer paralysed.
The death yak is no longer paralysed. x2
The death yak gores you!
You die...

..............## #...#
..............# #..##
..............# ####
.............(# ###
.......##...### #.##
....#...####### ###..#
......#...###.###....#
.....###......##.....#
....## ####....Y♣Y...#
....## ##...YlY...#
.....# ######......#
..#### #.## #...#..#
#P# ##..###.....## ###
##..##.......##
#..#..(....#..#
##.....#####.##
###....### #.##


You could see 3 death yaks, a yak and a basilisk.

Vanquished Creatures
  Gastronok (D:10)
  A hydra (Lair:1)
  A two-headed ogre (D:8)
  A black mamba (Lair:1)
  A centaur skeleton (D:10)
  3 spiny frogs (Lair:1)
  3 komodo dragons (Lair:1)
  A hornet (D:8)
  A queen bee (D:8)
  2 hippogriffs
  A wyvern (D:10)
  2 hungry ghosts
  3 water moccasins
  A porcupine (Lair:1)
  4 orc warriors
  An ice beast (D:7)
  3 ogres
  A phantom (D:10)
  4 centaurs
  A crocodile (Lair:1)
  6 bullfrogs
  A scorpion (D:8)
  5 water moccasin zombies
  2 troll zombies (D:10)
  A jelly (D:10)
  A water moccasin skeleton (D:9)
  18 killer bees
  2 howler monkeys (D:7)
  7 crimson imps
  A centaur zombie (D:10)
  2 hounds
  10 orc wizards
  7 orc priests
  A bullfrog skeleton (D:7)
  4 iguanas
  3 worker ants
  A killer bee zombie (D:6)
  7 big kobold zombies (Ossuary)
  3 ogre zombies (D:10)
  2 mummies (Ossuary)
  A worker ant zombie (D:8)
  4 gnolls (D:2)
  9 adders
  2 shadow imps
  2 oozes (D:3)
  7 adder zombies (Ossuary)
  2 worms
  4 dart slugs (D:1)
  6 leopard geckos
  33 orcs
  A giant cockroach (D:3)
  5 goblins
  5 hobgoblins
  15 jackals
  5 quokkas
  10 bats
  7 frilled lizards
  A gnoll zombie (Ossuary)
  2 goblin skeletons (D:10)
  8 hobgoblin zombies
  6 kobolds
  4 kobold zombies (Ossuary)
  2 leopard gecko skeletons
  An orc skeleton (D:10)
  15 orc zombies
  A quokka skeleton (D:7)
  2 quokka zombies
  4 rats
  A plant (Lair:1)
285 creatures vanquished.

Vanquished Creatures (others)
  An orc wizard (D:9)
1 creature vanquished.

Grand Total: 286 creatures vanquished

Notes
Turn   | Place    | Note
-------+----------+-------------------------------------------
     0 | D:1      | ruda the Minotaur Fighter began the quest for the Orb.
     0 | D:1      | Reached XP level 1. HP: 19/19 MP: 0/0
   251 | D:1      | Found a shimmering altar of Xom.
   253 | D:1      | Found a burning altar of Makhleb.
   253 | D:1      | Found a stormy altar of Qazlal.
   255 | D:1      | Found a sacrificial altar of Ru.
   255 | D:1      | Found a white marble altar of Elyvilon.
   255 | D:1      | Found a radiant altar of Vehumet.
   361 | D:1      | Reached XP level 2. HP: 22/27 MP: 1/1
   758 | D:1      | Reached XP level 3. HP: 33/33 MP: 2/2
  1545 | D:2      | Found a deep blue altar of Sif Muna.
  1676 | D:2      | Reached XP level 4. HP: 33/41 MP: 3/3
  1908 | D:2      | Reached skill level 3 in Maces & Flails
  2169 | D:3      | Found a shadowy altar of Dithmenos.
  2224 | D:3      | Reached XP level 5. HP: 28/47 MP: 4/4
  2551 | D:3      | Found a faded altar of an unknown god.
  2551 | D:3      | Found a bloodstained altar of Trog.
  2557 | D:3      | Found a hazy altar of Hepliaklqana.
  2559 | D:3      | Found an ancient bone altar of Kikubaaqudgha.
  2561 | D:3      | Found an opulent altar of Gozag.
  2799 | D:3      | Reached skill level 4 in Maces & Flails
  2915 | D:3      | Found a radiant altar of Vehumet.
  3266 | D:4      | Found a sand-covered staircase.
  3354 | D:4      | Reached skill level 5 in Fighting
  3447 | Ossuary  | Entered an ossuary
  3502 | Ossuary  | Reached skill level 5 in Shields
  3502 | Ossuary  | Reached XP level 6. HP: 49/56 MP: 5/5
  3522 | Ossuary  | Reached skill level 5 in Maces & Flails
  3599 | Ossuary  | Reached skill level 6 in Maces & Flails
  3599 | Ossuary  | Reached XP level 7. HP: 54/62 MP: 6/6
  4165 | D:5      | Entered Level 5 of the Dungeon
  4259 | D:5      | Found Boishruq's Food Shoppe.
  4319 | D:5      | Reached skill level 7 in Maces & Flails
  4524 | D:5      | Found a staircase to the Ecumenical Temple.
  4644 | Temple   | Entered the Ecumenical Temple
  4762 | Temple   | Became a worshipper of Uskayaw the Reveler
  4785 | D:5      | Found a glowing silver altar of Zin.
  4837 | D:5      | Reached * piety under Uskayaw
  4869 | D:5      | Reached XP level 8. HP: 55/71 MP: 7/7
  4869 | D:5      | Reached ** piety under Uskayaw
  4983 | D:5      | Found a sparkling altar of Nemelex Xobeh.
  5838 | D:6      | Found an ornate altar of the Wu Jian Council.
  5990 | D:7      | Reached skill level 8 in Maces & Flails
  6021 | D:7      | Noticed a hippogriff
  6023 | D:7      | Reached *** piety under Uskayaw
  6027 | D:7      | Reached **** piety under Uskayaw
  6029 | D:7      | Reached ***** piety under Uskayaw
  6030 | D:7      | Killed a hippogriff
  6206 | D:7      | Reached skill level 9 in Maces & Flails
  6648 | D:7      | Got a pitted hand axe
  6883 | D:7      | Found a basalt altar of Yredelemnul.
  7069 | D:7      | Identified the +8 hand axe of Epsisa {freeze, rN+ Str-2
                  | Dex+2} (You found it on level 7 of the Dungeon)
  7294 | D:7      | Reached skill level 1 in Axes
  7566 | D:7      | Reached XP level 9. HP: 74/81 MP: 8/8
  7820 | D:8      | Reached skill level 10 in Maces & Flails
  8169 | D:8      | Noticed a two-headed ogre
  8177 | D:8      | Killed a two-headed ogre
  8451 | D:9      | Reached skill level 11 in Maces & Flails
  8529 | D:10     | Entered Level 10 of the Dungeon
  9206 | D:10     | Reached XP level 10. HP: 91/91 MP: 9/9
  9317 | D:10     | Found a staircase to the Orcish Mines.
  9326 | D:10     | Reached skill level 5 in Axes
  9339 | D:10     | Noticed Gastronok
  9361 | D:10     | Reached ****** piety under Uskayaw
  9365 | D:10     | Killed Gastronok
  9365 | D:10     | Reached skill level 12 in Maces & Flails
  9742 | D:9      | Paralysed by a hornet for 3 turns
 10009 | D:9      | Reached skill level 10 in Fighting
 10048 | D:8      | Reached skill level 10 in Shields
 10459 | D:9      | Found a staircase to the Lair.
 10747 | D:9      | Reached XP level 11. HP: 90/100 MP: 10/10
 11027 | D:9      | Reached skill level 13 in Maces & Flails
 11181 | Lair:1   | Entered Level 1 of the Lair of Beasts
 11821 | Lair:1   | Noticed a seven-headed hydra
 11855 | Lair:1   | Killed an eight-headed hydra
 12845 | Lair:2   | Noticed a death yak
 12848 | Lair:2   | Noticed a death yak
 12850 | Lair:2   | Noticed a death yak
 13087 | Lair:1   | HP: 1/102 [basilisk (8)]
 13090 | Lair:1   | Slain by a death yak

Skill      XL: |  1  2  3  4  5  6  7  8  9 10 11 |
---------------+----------------------------------+-----
Shields        | 4 5 6 7 9 10 | 10.9
Fighting       | 4 5 6 7 9 10 11 | 11.0
Armour         | 4 |  4.7
Maces & Flails | 3 4 6 7 9 11 12 13 | 13.3
Axes           | 1 4 6 8 |  8.0

Action                   |  1- 3 |  4- 6 |  7- 9 | 10-12 || total
-------------------------+-------+-------+-------+-------++-------
Melee: Flail             |    91 |   183 |   222 |    60 ||   556
       Headbutt          |    17 |    42 |    57 |    65 ||   181
       Hand axe          |       |       |   120 |   190 ||   310
Invok: Stomp             |       |       |       |     1 ||     1
  Use: Scroll            |       |     2 |     4 |    12 ||    18
       Potion            |       |       |       |    11 ||    11
 Stab: Paralysed         |       |       |    10 |    14 ||    24
  Eat: Chunk             |     2 |     6 |    10 |     4 ||    22
       Ration            |       |       |     2 |     4 ||     6
Armor: Scale mail        |    39 |    72 |   136 |    45 ||   292
       Plate armour      |       |       |       |    64 ||    64
       Skin              |       |       |       |     6 ||     6
Dodge: Dodged            |    31 |    47 |    93 |    49 ||   220
Block: Shield            |    58 |    84 |    66 |       ||   208
       Large shield      |       |       |   227 |   280 ||   507
